Map: Catallena LE (Void)

Players

SpeCial - Winner!

  • Race: Terran Terran
  • Spawn Location: 5:00

Stats

  • Race: Protoss Protoss
  • Spawn Location: 9:00

Event: 2017 WCS Global Finals

VOD

Have the link to the VOD?

Description

Time

  • Played on: Oct. 27, 2017, 12:21 p.m.
  • Length: 11:26

All games in this series

Show
View Real Time Build Order
Export as new Build Order

SpeCial Terran - Winner!

Build Orders: Cyclone Opening, Reaper Expand, MMM Bio 

Get SALT Encoding   

  12  0:00  SCV  
  13  0:12  SCV  
  14  0:18  Supply Depot  
  14  0:24  SCV  
  15  0:39  SCV  
  15  0:41  Barracks  
  16  0:43  Refinery  
  16  0:51  SCV  
  17  1:03  SCV  
  18  1:16  SCV  
  19  1:28  Reaper  
  19  1:29  Orbital Command  
  20  1:42  Command Center  
  20  1:55  Supply Depot, SCV  
  20  2:00  Marine  
  22  2:07  Factory  
  22  2:10  SCV  
  23  2:21  Marine  
  23  2:22  Bunker  
  24  2:27  SCV  
  25  2:39  SCV, Marine  
  25  2:42  Refinery  
  27  2:51  Cyclone  
  30  2:55  SCV  
  30  2:57  Orbital Command, Marine  
  32  3:05  Engineering Bay  
  32  3:13  SCV  
  32  3:15  Marine  
  33  3:20  Starport  
  33  3:25  Widow Mine  
  33  3:26  SCV  
  36  3:33  Marine  
  37  3:39  SCV x2  
  39  3:51  SCV x2  
  40  3:57  Engineering Bay  
  40  3:58  Viking  
  40  4:00  Factory Reactor  
  40  4:02  Barracks Reactor, Cyclone  
  45  4:04  SCV  
  45  4:09  SCV  
  47  4:12  Supply Depot  
  47  4:16  SCV  
  46  4:21  Liberator, SCV  
  47  4:28  Missile Turret, SCV  
  48  4:33  SCV  
  49  4:40  SCV  
  49  4:44  Marine  
  54  4:47  Supply Depot  
  54  4:49  Factory Tech Lab, Marine  
  54  4:51  SCV  
  54  4:52  SCV  
  51  5:02  Marine  
  51  5:03  SCV  
  51  5:04  SCV  
  54  5:07  Siege Tank, Marine  
  54  5:12  Barracks  
  58  5:15  SCV  
  58  5:16  Supply Depot  
  58  5:19  Marine  
  58  5:20  SCV  
  61  5:25  Marine  
  61  5:26  Starport Tech Lab  
  61  5:27  SCV  
  63  5:30  Missile Turret  
  63  5:31  Terran Infantry Weapons Level 1  
  63  5:32  SCV  
  63  5:33  Refinery  
  64  5:37  Marine  
  64  5:39  SCV  
  66  5:43  Marine  
  66  5:44  SCV  
  68  5:51  SCV, Siege Tank  
  68  5:54  Barracks  
  68  5:55  Marine  
  68  5:56  Supply Depot  
  73  5:59  Supply Depot  
  73  6:02  Starport Reactor  
  73  6:05  SCV x2  
  73  6:06  Marine  
  76  6:12  Marine  
  76  6:13  Refinery, Marine  
  76  6:17  Stimpack  
  79  6:18  SCV x2  
  79  6:23  Supply Depot x2  
  79  6:24  Marine  
  81  6:31  Marine  
  78  6:34  Factory Reactor  
  78  6:35  Marine  
  78  6:36  SCV x2  
  81  6:42  Marine  
  81  6:45  Medivac x2  
  86  6:48  Marine  
  86  6:51  Marine  
  86  6:53  SCV x2, Marine  
  91  6:55  Combat Shields  
  91  7:00  Marine  
  92  7:06  Marine  
  92  7:08  Supply Depot x2  
  93  7:09  Marine  
  93  7:11  Command Center, Marine  
  95  7:20  Widow Mine x2  
  95  7:22  Medivac x2  
  103  7:24  Marine x2  
  105  7:30  Marine  
  105  7:31  Marine  
  107  7:41  Barracks  
  107  7:42  Terran Infantry Armor Level 1, Marine  
  107  7:44  Barracks  
  107  7:47  Marine  
  107  7:48  Marine  
  107  7:50  Widow Mine x2  
  112  7:53  Medivac x2  
  116  7:59  SCV  
  116  8:00  SCV  
  118  8:09  Marauder, Marine x2  
  118  8:11  Marine  
  123  8:17  Concussive Shells  
  123  8:22  Widow Mine x2  
  123  8:26  SCV x2, Marine  
  123  8:27  Marine  
  130  8:29  Marauder  
  130  8:31  Marauder  
  130  8:32  Missile Turret  
  130  8:33  Marine x2  
  137  8:34  Missile Turret  
  137  8:44  Marine x2  
  137  8:47  Liberator  
  135  8:49  Liberator  
  135  8:51  Marauder, Marine  
  135  8:52  Marine x2  
  135  8:53  Widow Mine  
  140  9:01  Widow Mine  
  140  9:02  Marine x2  
  132  9:10  Marauder  
  132  9:12  Marauder  
  133  9:19  Marine x2  
  133  9:20  Marine x2  
  133  9:21  Bunker  
  137  9:31  Marauder, Liberator  
  125  9:33  Marine  
  125  9:37  Marine  
  125  9:38  Marine x2  
  112  9:42  Marine  
  110  9:51  Marauder  
  117  9:52  Marauder  
  117  9:55  Marine  
  117  10:00  Marine  
  117  10:01  Marine  
  117  10:04  Widow Mine  
  112  10:13  Marauder  
  114  10:15  Marine x2  
  114  10:18  Marine x2  
  118  10:33  Marine x2  
  103  10:35  Marine  
  103  10:40  Marine x3  
  86  10:51  Marine x2  
  86  10:53  Marine  
Show
View Real Time Build Order
Export as new Build Order

Stats Protoss 

Build Orders: Oracle Opening 

Get SALT Encoding   

  12  0:00  Probe (Chrono Boost)  
  13  0:11  Probe (Chrono Boost)  
  14  0:17  Pylon  
  14  0:22  Probe (Chrono Boost)  
  15  0:36  Probe (Chrono Boost)  
  15  0:38  Gateway  
  16  0:46  Probe (Chrono Boost)  
  16  0:47  Assimilator  
  17  0:52  Assimilator  
  18  0:57  Probe (Chrono Boost)  
  18  1:07  Probe (Chrono Boost)  
  19  1:18  Probe (Chrono Boost)  
  20  1:21  Pylon  
  20  1:25  Cybernetics Core  
  20  1:28  Probe (Chrono Boost)  
  21  1:39  Probe (Chrono Boost)  
  22  1:49  Probe (Chrono Boost)  
  27  2:01  Mothership Core (Chrono Boost), Adept (Chrono Boost)  
  27  2:07  Stargate  
  27  2:16  Warp Gate, Pylon  
  27  2:27  Probe  
  27  2:28  Adept (Chrono Boost)  
  29  2:43  Probe  
  30  2:50  Oracle (Chrono Boost)  
  33  3:13  Probe  
  33  3:17  Pylon  
  33  3:22  Oracle (Chrono Boost)  
  33  3:25  Probe  
  37  3:37  Probe  
  36  3:49  Probe  
  36  3:53  Oracle (Chrono Boost)  
  40  3:58  Nexus  
  40  4:02  Probe  
  41  4:03  Pylon  
  41  4:14  Probe  
  42  4:24  Oracle (Chrono Boost)  
  42  4:26  Probe  
  42  4:27  Gateway  
  43  4:33  Gateway  
  43  4:39  Probe  
  44  4:57  Probe  
  45  5:01  Oracle (Chrono Boost)  
  48  5:09  Probe x2  
  50  5:19  Probe  
  52  5:21  Probe  
  52  5:28  Nexus  
  52  5:30  Probe  
  52  5:32  Phoenix (Chrono Boost)  
  52  5:33  Probe  
  56  5:43  Probe  
  56  5:48  Probe (Chrono Boost)  
  58  5:54  Assimilator  
  58  5:55  Assimilator  
  58  5:56  Twilight Council  
  58  5:57  Forge  
  58  5:58  Probe (Chrono Boost)  
  58  6:00  Probe (Chrono Boost)  
  59  6:09  Probe (Chrono Boost)  
  59  6:11  Probe (Chrono Boost)  
  61  6:19  Probe (Chrono Boost)  
  61  6:21  Probe (Chrono Boost), Resonating Glaives  
  63  6:27  Sentry  
  63  6:30  Probe (Chrono Boost)  
  63  6:32  Probe (Chrono Boost)  
  67  6:34  Protoss Ground Weapons Level 1 (Chrono Boost)  
  67  6:42  Probe  
  67  6:43  Probe  
  67  6:44  Probe  
  70  6:53  Gateway  
  70  6:54  Gateway  
  70  6:56  Gateway  
  70  6:59  Gateway  
  70  7:00  Probe  
  70  7:01  Probe  
  70  7:02  Probe  
  70  7:08  Pylon  
  73  7:14  Adept  
  73  7:15  Adept x2  
  79  7:20  Pylon  
  79  7:21  Probe  
  79  7:22  Pylon  
  79  7:23  Probe x2  
  82  7:31  Gateway  
  82  7:33  Robotics Facility  
  82  7:38  Probe  
  82  7:39  Probe x2  
  82  7:42  Pylon  
  85  7:50  Adept x3  
  85  7:51  Blink, Sentry  
  93  7:52  Sentry  
  93  7:55  Adept  
  93  7:56  Adept  
  99  8:07  Pylon  
  99  8:09  Pylon  
  99  8:17  Pylon  
  99  8:19  Protoss Ground Weapons Level 2 (Chrono Boost)  
  99  8:24  Adept x6  
  111  8:32  Adept  
  113  8:47  Adept x3  
  113  8:48  Adept x3  
  125  8:49  Adept  
  125  8:55  Adept  
  129  8:59  Immortal, Pylon  
  129  9:01  Pylon  
  127  9:03  Pylon  
  115  9:11  Adept x5  
  115  9:16  Adept x2  
  129  9:20  Adept  
  123  9:37  Adept x7  
  121  9:41  Immortal  
  121  9:43  Adept  
  123  10:01  Adept x3  
  123  10:02  Adept x4  
  103  10:10  Stalker  
  101  10:22  Observer  
  101  10:23  Stalker x4  
  101  10:24  Stalker, Adept x2  
  105  10:37  Adept  
  83  10:45  Adept x2  
  83  10:49  Adept x4  
  74  10:50  Adept x5  
  80  11:03  Stalker  
  76  11:09  Stalker x2  
  76  11:10  Stalker  
  80  11:16  Stalker x2  
Tags
 
Add a new tag
Caveats
  • Supply blocks, unpowered buildings, or Contaminate may cause inaccurate times.
  • Supply counts are checked every 10 seconds.